 Dungeon Crawl Stone Soup version 0.30-a0-651-g0755cc6dcf (webtiles) character file.

Game seed: 7047643555101604854

82 Bnni the Sneak (level 4, -7/23 HPs)
             Began as a Vine Stalker Brigand on Jan 18, 2023.
             Mangled by Sigmund
             ... wielding a +5 vampiric scythe
              (9 damage)
             ... on level 3 of the Dungeon.
             The game lasted 00:02:09 (1601 turns).

Bnni the Sneak (Vine Stalker Brigand)               Turns: 1601, Time: 00:02:10

Health: -7/23      AC: 10    Str: 14    XL:     4   Next: 43%
Magic:  0/5        EV:  6    Int: 11    God:
Gold:   129        SH:  0    Dex: 17    Spells: 3/3 levels left

rFire   . . .      SeeInvis .    a - +2 dagger
rCold   . . .      Faith    .    (no shield)
rNeg    . . .      Spirit   +    s - +0 chain mail
rPois   .          Reflect  .    (no helmet)
rElec   .          Harm     .    c - +0 cloak
rCorr   .          Rampage  .    p - +0 pair of gloves
Will    .....                    (no boots) Stlth
                                 (no amulet)
HPRegen 1.03/turn                (no ring)
MPRegen 0.09/turn                (no ring)

@: confused
A: fangs 2, regeneration 1, magic shield, antimagic bite, no potion heal 2
a: no special abilities


You were on level 3 of the Dungeon.
You visited 1 branch of the dungeon, and saw 3 of its levels.

You collected 129 gold pieces.

Inventory:

Hand Weapons
 a - a +2 dagger (weapon)
Missiles
 d - 9 poisoned darts (quivered)
 e - 3 curare-tipped darts
Armour
 c - a +0 cloak (worn)
 p - a +0 pair of gloves (worn)
 s - a +0 chain mail (worn)
Wands
 q - a wand of flame (16)
Scrolls
 g - a scroll of noise {unknown}
 h - 3 scrolls of identify {unknown}
 i - a scroll of enchant weapon {unknown}
 k - a scroll of immolation {unknown}
 l - a scroll of teleportation {unknown}
 m - a scroll of amnesia {unknown}
Potions
 b - a potion of invisibility {unknown}
 f - 3 potions of curing {unknown}
 j - a potion of heal wounds {unknown}
 o - a potion of mutation {unknown}
 r - a potion of brilliance {unknown}


   Skills:
 + Level 2.7 Fighting
 * Level 3.5 Short Blades
 - Level 1.7 Throwing
 - Level 0.7 Dodging
 - Level 4.8 Stealth


You had 3 spell levels left.
You didn't know any spells.
Your spell library contained the following spells:

 Spells                   Type           Power      Damage    Failure   Level
 Beastly Appendage        Tmut           0%         N/A       100%        1
 Wereblood                Tmut           0%         N/A       100%        2
 Spider Form              Tmut/Pois      0%         N/A       100%        3
 Vhi's Electric Charge    Tloc/Air       0%         N/A       100%        3
 Arcjolt                  Conj/Air       0%         1d10      100%        5
 Maxwell's Capacitive Co  Air            0%         ∞         100%        8


Dungeon Overview and Level Annotations

Branches:
Dungeon (3/15)

Altars:

Annotations:
D:3 Sigmund


Innate Abilities, Weirdness & Mutations

You have extremely sharp teeth.
Your natural rate of healing is unusually fast.
When hurt, damage is shared between your health and your magic reserves.
Your bite disrupts and absorbs the magic of your enemies.
Potions cannot restore your health.


Message History

The magic dart hits you but does no damage.
You bump into the rock wall.
The bat hits you but does no damage.
Sigmund points at you and mumbles some strange words.
The magic dart hits you.
You hit Sigmund but do no damage.
Sigmund is moderately wounded.
The bat hits you but does no damage.
Sigmund hits you with a +5 vampiric scythe.
Sigmund draws strength from your wounds!
You hit Sigmund but do no damage. Your bite misses Sigmund.
Sigmund is lightly wounded.
The bat hits you.
You hit Sigmund. Your bite misses Sigmund.
Sigmund is lightly wounded.
The bat barely misses you.
Sigmund hits you with a +5 vampiric scythe.
Sigmund draws strength from your wounds!
You hit Sigmund but do no damage.
Sigmund is lightly wounded.
The bat hits you but does no damage. Sigmund gestures at you while chanting.
The puff of flame hits you but does no damage.
Sigmund attacks as you move away!
Sigmund hits you with a +5 vampiric scythe.
The bat closely misses you. The bat hits you but does no damage.
Sigmund points at you and mumbles some strange words.
The puff of flame misses you. The bat barely misses you.
The bat barely misses you. Sigmund casts a spell at you.
The magic dart hits you. The bat barely misses you.
Sigmund hits you with a +5 vampiric scythe!
* * * LOW HITPOINT WARNING * * *
Sigmund draws strength from your wounds!
You closely miss the bat.
The bat is severely wounded.
The bat barely misses you.
Sigmund hits you with a +5 vampiric scythe!
You die...

#### #!..
#..# #..#
#..# #..#
#.b# # .
#.@##.#...
#@........
#.<...<...
#####.####
.. ##


You could see Sigmund and a bat.

Vanquished Creatures
  Terence (D:2)
  An adder (D:2)
  A worm (D:2)
  A dart slug (D:2)
  2 endoplasms (D:1)
  4 giant cockroaches
  2 goblins (D:1)
  5 hobgoblins
  5 jackals
  4 kobolds
  A quokka (D:1)
  4 ball pythons
  2 bats (D:1)
  3 frilled lizards
  6 rats
42 creatures vanquished.

Notes
Turn   | Place    | Note
-------+----------+-------------------------------------------
     0 | D:1      | Bnni the Vine Stalker Brigand began the quest for the Orb.
     0 | D:1      | Reached XP level 1. HP: 11/11 MP: 2/2
   274 | D:1      | Reached XP level 2. HP: 15/15 MP: 3/3
   594 | D:1      | Reached XP level 3. HP: 18/18 MP: 2/4
  1495 | D:2      | Noticed Terence
  1497 | D:2      | Killed Terence
  1498 | D:2      | Gained mutation: Your natural rate of healing is unusually
                  | fast. [Vine Stalker growth]
  1498 | D:2      | Reached XP level 4. HP: 23/23 MP: 5/5
  1566 | D:3      | Noticed Sigmund
  1600 | D:3      | HP: 1/23 [Sigmund/+5 vampiric scythe (7)]
  1601 | D:3      | Mangled by Sigmund

Illustrated notes

Levels and vault maps discovered:
D:1:      dpeg_arrival_pits, layout_basic
D:2:      minmay_kobold_bridge, layout_basic, uniq_terence
D:3:      layout_loops_corners, cheibriados_altar_1, portal_sewer_entry_b,
          nicolae_concentric_dashed_squares_wild, uniq_ijyb, uniq_natasha,
          uniq_sigmund, uniq_crazy_yiuf_cottage, uniq_jessica

Skill      XL: |  1  2  3 |
---------------+----------+-----
Short Blades   | 2 3 |  3.5
Fighting       | 2 |  2.7
Throwing       | |  1.7
Dodging        | |  0.7
Stealth        | |  4.8

Action                   |  1- 3 |  4- 6 || total
-------------------------+-------+-------++-------
Melee: Dagger            |   106 |    16 ||   122
       Bite              |    24 |     4 ||    28
       Punch             |     1 |       ||     1
Throw: Dart              |     1 |       ||     1
 Stab: Sleeping          |    16 |       ||    16
Armor: Robe              |     9 |       ||     9
       Ring mail         |    20 |       ||    20
       Chain mail        |       |    21 ||    21
Dodge: Dodged            |    41 |    13 ||    54

Table legend: (Time is in decaauts)
 A = Elapsed time spent in this place.
 B = Non-inter-level travel time spent in this place.
 C = Inter-level travel time spent in this place.
 D = Time resting spent in this place.
 E = Time spent auto-exploring this place.
 F = Levels seen in this place.
 G = Mean time per level.
                   A        B        C        D        E       F      G
               +--------+--------+--------+--------+--------+-----+--------+
         Total |   1584 |   1523 |     61 |     17 |   1173 |   3 |  528.0 |
       Dungeon |   1584 |   1523 |     61 |     17 |   1173 |   3 |  528.0 |
               +--------+--------+--------+--------+--------+-----+--------+

Top non-repeatable levels by time:
     D:1: 818 daAuts
     D:2: 739 daAuts
     D:3: 26 daAuts
